 Dungeon Crawl Stone Soup version 0.31.0-11-ge490571c62 (webtiles) character file.

Game seed: 13477431277500233645

12510247 Ofeo the Intangible (level 27, 249/249 HPs)
             Began as a Barachi Hunter on Jan 27, 2024.
             Was a Follower of Uskayaw.
             Escaped with the Orb
             ... and 15 runes!
             The game lasted 06:06:14 (129273 turns).

Ofeo the Intangible (Barachi Hunter)              Turns: 129273, Time: 06:06:14

Health: 249/249    AC: 43    Str: 23      XL:     27
Magic:  40/40      EV: 41    Int: 10 (11) God:    Uskayaw [*.....]
Gold:   7605       SH:  0    Dex: 35      Spells: 6/50 levels left

rFire   + + .        a - +7 hand cannon "Xaumonon" {penet, rPois rC+ Str+3}
rCold   + + +        d - orb "Jiguu" {light, Int-2 Slay+5 Necro Tloc}
rNeg    + + +        u - +8 ice dragon scales
rPois   ∞            X - +5 hat of a Labyrinth {^Contam rF++ rN+}
rElec   .            i - +2 cloak {rCorr}
rCorr   +            S - +0 pair of gloves "Sustra Onea" {Rampage Dex+3}
SInv    .            N - +2 pair of boots of the Northern Lights {Regen+}
Will    ++++.        P - amulet of Life {Acrobat *Slow Dex+7}
Stlth   +            f - ring of Soucwora {Str+6 Slay+5}
HPRegen 1.41/turn    Y - ring "Norhas" {rF+ Will+}
MPRegen 0.27/turn

%: slow self (1%), acrobat, rampage
@: death-form, glowing, studying 2 skills, slow
A: vile attack, torment immunity, no potions, amphibious, slowness 1, strong
legs 2, +LOS
0: Orb of Zot
}: 15/15 runes: barnacled, slimy, silver, golden, iron, obsidian, icy, bone,
abyssal, demonic, glowing, magical, fiery, dark, gossamer
a: Hop, Siphon Essence, Begin Untransformation, Renounce Religion, Stomp


You escaped.
You worshipped Uskayaw.
Uskayaw was exalted by your worship.
You were an undying horror.
You visited 18 branches of the dungeon, and saw 88 of its levels.
You visited Pandemonium 2 times, and saw 22 of its levels.
You visited the Abyss 1 time.
You visited 1 bazaar.
You also visited: Trove, Gauntlet and Wizlab.

You collected 18435 gold pieces.
You spent 10471 gold pieces at shops.
You donated 359 gold pieces to Zin.

Inventory:

Hand Weapons
 a - the +7 hand cannon "Xaumonon" (weapon) {penet, rPois rC+ Str+3}
   (You bought it in a shop on level 4 of the Vaults)

   Str+3:     It affects your strength (+3).
   rC+:       It protects you from cold.
   rPois:     It protects you from poison
 b - a +9 hand cannon of holy wrath
 c - the +3 Elemental Staff {ele, rElec rF+ rC+ AC+3}
   (You bought it in a shop in a bazaar)

   AC+3:      It affects your AC (+3).
   rF+:       It protects you from fire.
   rC+:       It protects you from cold.
   rElec:     It insulates you from electricity.
Armour
 d - the orb "Jiguu" (worn) {light, Int-2 Slay+5 Necro Tloc}
   (You took it off Frederick on level 2 of the Crypt)

   Int-2:     It affects your intelligence (-2).
   Slay+5:    It affects your accuracy & damage with ranged weapons and melee
   (+5).
   Necro:     It increases the power of your Necromancy spells.
   Tloc:      It increases the power of your Translocations spells.
 i - a +2 cloak of preservation (worn)
 j - a +2 cloak of poison resistance
 k - the +1 pair of boots of Hootad {rElec rN++}
   (You acquired it on level 5 of the Lair of Beasts)

   rElec:     It insulates you from electricity.
   rN++:      It greatly protects you from negative energy.
 l - the +1 pair of gloves of Kitusiaw {Will+}
   (You found it on level 7 of Tartarus)

   Will+:     It increases your willpower.
 u - +8 ice dragon scales (worn)
 L - the +2 cloak of the Thief {*Fog Slay-2 SInv Stlth+}
   (You found it on level 3 of the Crypt)

   *Fog:      It may release a thick cloud of smoke when the wearer is hurt.
   Slay-2:    It affects your accuracy & damage with ranged weapons and melee
   (-2).
   SInv:      It lets you see invisible.
   Stlth+:    It makes you more stealthy.
 N - the +2 pair of boots of the Northern Lights (worn) {Regen+}
   (You bought it in a shop on level 1 of the Vaults)

   Regen+:    It increases your rate of health regeneration.
 S - the +0 pair of gloves "Sustra Onea" (worn) {Rampage Dex+3}
   (You found it on level 2 of the Depths)

   Dex+3:     It affects your dexterity (+3).
   Rampage:   It bestows one free step when moving towards enemies.
 T - a +0 cloak of willpower
 X - the +5 hat of a Labyrinth (worn) {^Contam rF++ rN+}
   (You found it in a treasure trove)

   rF++:      It greatly protects you from fire.
   rN+:       It protects you from negative energy.
   ^Contam:   It causes magical contamination when unequipped.
Jewellery
 f - the ring of Soucwora (left hand) {Str+6 Slay+5}
   (You found it in a treasure trove)

   [ring of strength]

   Str+6:     It affects your strength (+6).
   Slay+5:    It affects your accuracy & damage with ranged weapons and melee
   (+5).
 v - the amulet of Vuifit {RegenMP Str+3 Int+2 Dex+3}
   (You found it in Pandemonium)

   [amulet of magic regeneration]

   RegenMP:   It increases your rate of magic regeneration.
   Str+3:     It affects your strength (+3).
   Int+2:     It affects your intelligence (+2).
   Dex+3:     It affects your dexterity (+3).
 x - the ring of Xetic {rElec rC+++ MP-9 EV+5 Stlth+}
   (You found it on level 5 of the Pits of Slime)

   [ring of evasion]

   EV+5:      It affects your evasion (+5).
   rC+++:     It renders you almost immune to cold.
   rElec:     It insulates you from electricity.
   MP-9:      It affects your magic capacity (-9).
   Stlth+:    It makes you more stealthy.
 M - the ring of Midsummer {Will+ MP+9 Dex+4}
   (You found it on level 3 of the Crypt)

   [ring of magical power]

   Dex+4:     It affects your dexterity (+4).
   Will+:     It increases your willpower.
   MP+9:      It affects your magic capacity (+9).
 P - the amulet of Life (around neck) {Acrobat *Slow Dex+7}
   (You found it on level 5 of the Lair of Beasts)

   [amulet of the acrobat]

   Acrobat:   It increases your evasion while moving and waiting.
   Dex+7:     It affects your dexterity (+7).
   *Slow:     It may slow you when you take damage.
 Y - the ring "Norhas" (right hand) {rF+ Will+}
   (You found it in a Gauntlet)

   [ring of protection from fire]

   rF+:       It protects you from fire.
   Will+:     It increases your willpower.
Talismans
 K - a talisman of death (active)
Wands
 D - a wand of light (49)
 G - a wand of mindburst (78)
 H - a wand of roots (67)
 U - a wand of charming (47)
 Z - a wand of digging (21) {@v1}
Scrolls
 n - 4 scrolls of silence
 p - 2 scrolls of brand weapon
 w - 4 scrolls of fog
 y - 5 scrolls of butterflies
 z - 11 scrolls of teleportation {@r3}
 B - 8 scrolls of enchant weapon
 E - 4 scrolls of blinking {@r4}
 J - 15 scrolls of immolation
 O - 17 scrolls of poison
 Q - 13 scrolls of fear
 W - 3 scrolls of revelation
Potions
 e - 13 potions of enlightenment
 g - 17 potions of mutation
 h - 10 potions of heal wounds {@q2}
 m - 4 potions of might {@q4}
 o - 8 potions of brilliance
 q - 35 potions of curing {@q1}
 r - 6 potions of resistance {@q6}
 s - 4 potions of haste {@q3}
 t - 12 potions of attraction
 A - 3 potions of ambrosia
 C - 4 potions of magic
 F - 11 potions of cancellation
 I - 5 potions of invisibility
 R - 3 potions of berserk rage
Miscellaneous
 V - a phantom mirror


   Skills:
 O Level 27 Fighting
 - Level 20.0 Ranged Weapons
 O Level 27 Armour
 O Level 27 Dodging
 + Level 20.1 Stealth
 - Level 12.0 Spellcasting
 - Level 10.0 Hexes
 - Level 17.1 Summonings
 - Level 14.7 Necromancy
 - Level 25.6 Translocations
 - Level 10.0 Ice Magic
 - Level 4.0 Air Magic
 - Level 4.0 Earth Magic
 O Level 27 Invocations
 - Level 10.0 Evocations
 - Level 23.0 Shapeshifting


You had 6 spell levels left.
You knew the following spells:

 Your Spells              Type           Power      Damage    Failure   Level
a - Fugue of the Fallen   Necr           52%        N/A       1%          3
b - Ozocubu's Armour      Ice            26%        N/A       1%          3
c - Summon Lightning Spi  Summ/Air       27%        N/A       2%          4
d - Frozen Ramparts       Ice            52%        1d8       1%          3
e - Borgnjor's Vile Clut  Necr/Erth      18%        N/A       11%         5
f - Blink                 Tloc           100%       N/A       0%          2
g - Dimensional Bullseye  Hex/Tloc       29%        N/A       1%          4
h - Summon Cactus Giant   Summ           20%        N/A       2%          6
i - Dispersal             Tloc           36%        N/A       1%          6
j - Disjunction           Tloc           36%        N/A       3%          8

Your spell library contained the following spells:

 Spells                   Type           Power      Damage    Failure   Level
 Summon Small Mammal      Summ           100%       N/A       0%          1
 Lesser Beckoning         Tloc           100%       N/A       0%          2
 Gell's Gravitas          Tloc           72%        N/A       0%          3
 Teleport Other           Tloc           72%        N/A       0%          3
 Manifold Assault         Tloc           72%        N/A       0%          4
 Passage of Golubria      Tloc           72%        N/A       0%          4
 Freeze                   Ice            100%       1d10      1%          1
 Kiss of Death            Conj/Necr      100%       2d13      1%          1
 Slow                     Hex            100%       N/A       1%          1
 Call Imp                 Summ           80%        N/A       1%          2
 Ensorcelled Hibernation  Hex/Ice        52%        N/A       1%          2
 Jinxbite                 Hex            52%        N/A       1%          2
 Momentum Strike          Conj/Tloc      94%        3d10      1%          2
 Sublimation of Blood     Necr           52%        N/A       1%          2
 Call Canine Familiar     Summ           40%        N/A       1%          3
 Confusing Touch          Hex            26%        N/A       1%          3
 Sigil of Binding         Hex            26%        N/A       1%          3
 Summon Ice Beast         Ice/Summ       33%        N/A       1%          3
 Tukima's Dance           Hex            26%        N/A       1%          3
 Vampiric Draining        Necr           52%        2d9       1%          3
 Volatile Blastmotes      Fire/Tloc      94%        2d17      1%          3
 Anguish                  Hex/Necr       23%        N/A       1%          4
 Animate Dead             Necr           52%        N/A       1%          4
 Dispel Undead            Necr           52%        3d19      1%          4
 Iskenderun's Mystic Bla  Conj/Tloc      47%        2d10      1%          4
 Martyr's Knell           Necr/Summ      54%        N/A       1%          4
 Curse of Agony           Necr           52%        N/A       1%          5
 Summon Forest            Summ/Tloc      32%        N/A       1%          5
 Summon Mana Viper        Hex/Summ       33%        N/A       1%          5
 Animate Armour           Summ/Erth      54%        N/A       2%          4
 Sandblast                Erth           28%        2d8       3%          1
 Cause Fear               Hex            13%        N/A       3%          4
 Summon Blazeheart Golem  Fire/Summ      23%        N/A       5%          4
 Death Channel            Necr           26%        N/A       6%          6
 Dazzling Flash           Conj/Hex       32%        N/A       7%          3
 Hailstorm                Conj/Ice       16%        3d6       7%          3
 Inner Flame              Hex/Fire       16%        N/A       7%          3
 Metabolic Englaciation   Hex/Ice        13%        N/A       9%          5
 Mercury Vapours          Alch/Air       20%        N/A       12%         2
 Static Discharge         Conj/Air       20%        3-4/arc   12%         2
 Magic Dart               Conj           24%        1d4       19%         1
 Sting                    Conj/Alch      24%        1d4       19%         1
 Stone Arrow              Conj/Erth      20%        3d8       24%         3
 Scorch                   Fire           12%        2d5       26%         2
 Searing Ray              Conj           12%        2d4       26%         2
 Silence                  Hex/Air        10%        N/A       28%         5
 Mephitic Cloud           Conj/Alch/Air  8%         N/A       32%         3
 Airstrike                Air            7%         2d(1-17)  34%         4
 Yara's Violent Unravell  Hex/Alch       8%         3d5       54%         5
 Freezing Cloud           Conj/Ice/Air   7%         6-21      58%         5
 Brom's Barrelling Bould  Conj/Erth      10%        2d3       61%         4
 Leda's Liquefaction      Alch/Erth      5%         N/A       61%         4
 Petrify                  Alch/Erth      10%        N/A       61%         4
 Lee's Rapid Deconstruct  Erth           7%         3d6*      67%         5
 Flame Wave               Conj/Fire      6%         2d5       87%         4
 Fulminant Prism          Conj/Alch      3%         3d5       87%         4
 Ignite Poison            Fire/Alch      6%         N/A       87%         4
 Olgreb's Toxic Radiance  Alch           6%         N/A       87%         4
 Sticky Flame             Fire/Alch      6%         2d4       87%         4
 Sculpt Simulacrum        Ice/Alch       8%         N/A       98%         6
 Alistair's Intoxication  Alch           4%         N/A       99%         5
 Fireball                 Conj/Fire      3%         3d4       99%         5
 Irradiate                Conj/Alch      3%         3d12      99%         5
 Iskenderun's Battlesphe  Conj           6%         2d6       99%         5
 Bombard                  Conj/Erth      5%         9d2       100%        6
 Conjure Ball Lightning   Conj/Air       5%         3x3d6     100%        6
 Eringya's Noxious Bog    Alch           3%         4d6       100%        6
 Starburst                Conj/Fire      3%         6d3       100%        6
 Monstrous Menagerie      Summ           20%        N/A       14%         7
 Summon Hydra             Summ           20%        N/A       14%         7
 Haunt                    Necr/Summ      27%        N/A       22%         7
 Enfeeble                 Hex            13%        N/A       94%         7
 Ozocubu's Refrigeration  Ice            13%        4d10      94%         7
 Borgnjor's Revivificati  Necr           26%        N/A       95%         8
 Spellforged Servitor     Conj/Summ      11%        N/A       99%         7
 Orb of Destruction       Conj           3%         9d5       100%        7
 Discord                  Hex            13%        N/A       100%        8
 Ignition                 Fire           3%         3d4       100%        8
 Chain Lightning          Conj/Air       5%         3d6       100%        9
 Death's Door             Necr           26%        N/A       100%        9
 Dragon's Call            Summ           20%        N/A       100%        9
 Fire Storm               Conj/Fire      3%         8d1       100%        9
 Polar Vortex             Ice            13%        12d1*     100%        9
 Shatter                  Erth           7%         3d9*      100%        9


Dungeon Overview and Level Annotations

Branches:
Dungeon (15/15)            Temple (1/1) D:7            Lair (5/5) D:10
 Shoals (4/4) Lair:3       Spider (4/4) Lair:2        Slime (5/5) Lair:5
    Orc (2/2) D:11            Elf (3/3) Orc:2        Vaults (5/5) D:13
  Crypt (3/3) Vaults:3       Tomb (3/3) Crypt:3      Depths (4/4) D:15
   Hell (visited)             Dis (7/7) Hell            Geh (7/7) Hell
    Coc (7/7) Hell            Tar (7/7) Hell            Zot (5/5) Depths:4
 WizLab (visited)         Gauntlet (visited)

Altars:
Ashenzari
Cheibriados
Dithmenos
Elyvilon
Fedhas
Gozag
Hepliaklqana
Kikubaaqudgha
Makhleb
Nemelex Xobeh
Okawaru
Qazlal
Ru
Sif Muna
Trog
Uskayaw
Vehumet
Wu Jian
Xom
Yredelemnul
Zin
The Shining One
Jiyva

Shops:
D:4 (   D:5 [   Orc:2 [?*!(   Shoals:1 *   Vaults:1 !:*   Vaults:2 (
Vaults:4 *   Vaults:5 !!!*!   Depths:2 ==:

Portals:
Hell: Depths:1 Depths:2 Depths:3 Depths:4
Abyss: Depths:3 Depths:4
Pandemonium: Depths:2 Depths:4
Ziggurat: Depths:4

Annotations:
D:5 1 runed translucent door, tymior's ghost, novice DrAl
D:9 4 runed translucent doors, Erolcha
Lair:4 1 runed translucent door, Murgh's ghost, journeyman MiBe
Shoals:2 1 runed translucent door, Furuly's ghost, adept HOFi
Elf:1 2 transporters
Vaults:3 exclusion: 2 lightning spires
Depths:1 1 runed translucent door


Innate Abilities, Weirdness & Mutations

You are an undying horror.
Your melee and unarmed attacks drain, slow and weaken victims.
You are immune to unholy pain and torment.
You cannot drink.
You are immune to poison.
You are amphibious.
You cover ground slowly.
You can hop long distances.
You have an extended range of vision and can be seen from far away.


Message History

You shoot a bolt.
The bolt pierces through the blizzard demon!!
The blizzard demon is moderately wounded.
The blizzard demon gestures at you. The bolt of lightning misses you.
You shoot a bolt.
The bolt barely misses the blizzard demon.
You shoot a bolt.
The bolt pierces through the blizzard demon!!!
The blizzard demon is almost dead.
The blizzard demon gestures at you. The freezing blast misses you.
You can now pass through a line of other dancers.
You shoot a bolt.
The bolt pierces through the blizzard demon!!!
You kill the blizzard demon!
You are engulfed in freezing vapours.
You resist.
You take 2 damage, and have 247/249 hp.
No target in view!
No target in view!
You are engulfed in freezing vapours.
You resist.
Health restored: 249 You can no longer pass through a line of other dancers.
An Orb Guardian comes into view.
An Orb Guardian is nearby!
You shoot a bolt.
The bolt barely misses the Orb Guardian.
You shoot a bolt.
The bolt pierces through the Orb Guardian!!!
The Orb Guardian is severely wounded.
You can now pass through a line of other dancers.
You shoot a bolt.
The bolt pierces through the Orb Guardian!!!
You kill the Orb Guardian!
No target in view!
No target in view!
You can no longer pass through a line of other dancers.
There is an open door here.
There is a staircase leading out of the dungeon here.
You have escaped!

...........#........#.###..##...#
........##....##.###..# #.#####..
###(.................####.# ####
.>..##.#.........##....##.# ##...
.#####.###................###.≈§§
.# ##.############..#.#####.≈...
.# #...#.........#.....###..~...
#####...#...###...#######..≈~.~..
........'...#.#.z.#.......≈..~.~~
##....###...###...#.#####.§...~.≈
#....# #.........#.# #.≈....≈.
#....# ############# #.≈...~.≈
#....# #.≈..~.~~ #....# ##§≈~.~..
###### ##..~... ##.≈... ##.≈≈≈


There were no monsters in sight!

Vanquished Creatures
  Cerebov (Pan)
  Asmodeus (Geh:7)
  the Royal Jelly (Slime:5)
  Mnoleg (Pan)
  Ereshkigal (Tar:7)
  Ignacio (Pan)
  Gloorx Vloq (Pan)
  A seraph (Zot:5)
  Lom Lobon (Pan)
  6 dread liches
  Dispater (Dis:7)
  Frederick (Crypt:2)
  Khufu (Tomb:1)
  4 orbs of fire
  8 ancient liches
  Mennas (Pan)
  Mara (Spider:4)
  A juggernaut (Dis:7)
  Vv (Crypt:2)
  The ghost of Hynnuzim the Warrior, a veteran CeHu of the Shining One (Crypt:3)
  Sojobo (Depths:2)
  10 royal mummies
  The ghost of Qiwept the Fencer, a veteran BaIE of Cheibriados (Depths:2)
  5 Killer Klowns
  15 shard shrikes
  19 golden dragons
  2 curse toes (Zot:4)
  10 caustic shrikes
  Geryon (Hell)
  Nikola (Elf:3)
  10 profane servitors
  Jory (Crypt:3)
  Arachne (Spider:3)
  13 pandemonium lords (Pan)
  23 bone dragons
  7 doom hounds
  15 iron giants
  12 Brimstone Fiends
  3 electric golems
  10 hellephants
  32 Tzitzimimeh
  3 shard shrike zombies
  16 tentacled monstrosities
  22 Hell Sentinels
  24 Ice Fiends
  Asterion (Depths:2)
  A walking earthen tome (Depths:3)
  28 Orb Guardians
  The ghost of Zeph the Severer, an adept NaFi of Cheibriados (Depths:2)
  Mlioglotl (Shoals:1)
  8 liches
  23 tainted leviathans
  2 deep elf blademasters
  2 deep elf master archers (Elf:3)
  23 titans
  43 ancient champions
  8 quicksilver dragons
  20 searing wretches
  11 sphinxes
  7 death cobs
  38 Executioners
  15 tentacled starspawn
  2 krakens
  7 acid blobs
  The ghost of Hihelu the Executioner, an adept MiBe of Trog (Elf:1)
  9 tengu reavers
  Roxanne (Spider:4)
  17 storm dragons
  10 revenants
  Donald (Shoals:1)
  11 rockslimes
  8 draconian knights
  14 narguns
  2 nagarajas
  9 shadow dragons
  12 protean progenitors
  4 draconian shifters
  A daeva (Abyss:4)
  7 frost giants
  Louise (Shoals:1)
  2 draconian monks
  12 demonspawn warmongers (Pan)
  19 fire giants
  14 quicksilver elementals
  9 azure jellies
  42 balrugs
  4 emperor scorpions
  2 deep elf sorcerers
  A deep elf elementalist (Elf:3)
  6 spectral caustic shrikes
  6 draconian scorchers
  A caustic shrike zombie (Tomb:1)
  9 iron dragons
  18 vault wardens
  5 curse skulls
  A juggernaut zombie (Crypt:2)
  4 shard shrike simulacra
  11 draconian annihilators
  35 reapers
  45 cacodemons
  14 demonspawn blood saints (Pan)
  7 ghost moths
  28 very ugly things
  5 draconian stormcallers
  8 ghouls
  20 demonspawn corrupters (Pan)
  16 ironbound preservers
  6 juggernaut skeletons (Pan)
  10 quicksilver oozes
  An angel (Zot:5)
  8 formless jellyfish
  10 ironbound thunderhulks
  18 stone giants
  16 elemental wellsprings
  17 vampire knights
  20 demonspawn black suns (Pan)
  8 deep elf annihilators
  5 deep elf demonologists (Elf:3)
  Nessos (Orc:2)
  6 caustic shrike skeletons (Pan)
  17 putrid mouths
  16 deep elf death magi
  3 purple draconians (Zot:3)
  16 dire elephants
  5 black draconians
  4 bennus (Tomb:1)
  20 lorocyprocas
  6 white draconians
  11 red draconians
  9 wendigos
  3 yellow draconians
  56 starcursed masses
  4 halazid warlocks (WizLab)
  39 war gargoyles
  9 green draconians
  8 spark wasps
  Azrael (D:13)
  18 green deaths
  19 iron golems
  27 blizzard demons
  A minotaur (Gauntlet)
  4 crystal guardians
  3 spectral quicksilver dragons
  14 ettins
  Snorg (Lair:3)
  14 mummy priests
  16 eidola
  11 jiangshi
  5 merfolk javelineers (Shoals:4)
  15 yaktaur captains
  A quicksilver dragon zombie (Abyss:2)
  3 merfolk impalers (Shoals:4)
  Josephine (Lair:2)
  4 deep elf high priests (Vaults:5)
  3 spectral iron giants
  6 entropy weavers
  A spectral fenstrider witch (Tar:2)
  10 fire dragons
  A spectral golden dragon (Tar:6)
  5 ice dragons
  26 vault guards
  4 caustic shrike simulacra
  2 peacekeepers
  9 rakshasas
  9 salamander tyrants
  2 spriggan zombies
  11 great orbs of eyes
  2 spriggan air magi
  A fenstrider witch zombie (Crypt:2)
  A spriggan skeleton (Crypt:1)
  11 hell beasts
  3 hydras
  4 alligators
  9 jorogumos
  3 radroaches
  3 anacondas (Zot:1)
  7 merfolk aquamancers
  A spectral stone giant (Tar:1)
  4 catoblepae
  4 ironbound frosthearts
  3 merfolk avatars
  5 ogre magi
  2 alligator snapping turtles (Shoals:4)
  5 deep troll shamans
  2 juggernaut simulacra
  3 satyrs
  7 stokers
  6 two-headed ogres
  29 death scarabs
  4 death yaks
  14 vampire magi
  12 centaur warriors
  A fenstrider witch skeleton (Abyss:1)
  45 dancing weapons
  27 hell hogs
  A sphinx skeleton (Crypt:2)
  7 boulder beetles
  40 demonic crawlers
  7 tengu warriors
  16 thrashing horrors
  10 deep troll earth magi
  3 shock serpents (Pan)
  A shock serpent (shapeshifter) (Elf:1)
  3 spectral nagas
  5 death knights
  A bennu skeleton (Crypt:1)
  2 orc high priests (Vaults:4)
  Urug (D:13)
  3 spriggan berserkers
  4 titan zombies
  Sonja (Lair:1)
  3 occultists
  2 spectral dire elephants
  2 spriggans
  8 hell knights
  84 soul eaters
  18 wretched stars
  3 storm dragon zombies (Crypt:3)
  11 deep elf knights
  21 crystal echidnas
  99 sun demons
  A titan skeleton (Crypt:3)
  A fire crab (shapeshifter) (Elf:1)
  42 sixfirhies
  6 skysharks
  3 cherubim
  32 deep trolls
  22 shadow wraiths
  6 hellephant skeletons (Pan)
  Lodul (D:12)
  106 large abominations
  A spectral spark wasp (WizLab)
  A spatial maelstrom (Abyss:2)
  A spectral bunyip (Tar:2)
  A golden dragon zombie (Crypt:3)
  11 iron trolls
  A death drake (Gauntlet)
  3 pharaoh ants
  A goliath frog (Lair:5)
  2 orange crystal statues
  2 quicksilver dragon simulacra
  10 orb spiders
  15 glowing orange brains
  26 shadow demons (Pan)
  7 flayed ghosts
  6 sea snakes
  An anaconda zombie (Crypt:3)
  6 arcanists
  An anaconda skeleton (Crypt:1)
  5 lindwurms
  A shadow dragon zombie (Crypt:3)
  A bunyip skeleton (Crypt:1)
  44 skeletal warriors
  3 bog bodies
  A spectral wolf spider (WizLab)
  38 harpies
  An iron giant skeleton (Crypt:2)
  8 deep elf archers
  13 ironbound convokers
  28 phantasmal warriors
  11 orc knights
  3 spriggan simulacra
  12 sun moths
  27 deep elf zephyrmancers
  9 necromancers
  A lightning spire (Gauntlet)
  8 steelbarb worms
  25 deep elf pyromancers
  7 shining eyes
  3 oklob plants (Crypt:1)
  7 spectral spriggans
  15 manticores
  26 wolf spiders
  2 shadow dragon skeletons
  39 ugly things
  13 fauns
  A human zombie (Crypt:3)
  An orb spider (shapeshifter) (Elf:1)
  32 moths of wrath
  6 cyclopes
  Maurice (D:10)
  4 orc sorcerers
  3 will-o-the-wisps
  A spectral ettin (Tar:2)
  2 stone giant zombies
  3 spectral centaurs (Tar:2)
  19 elephants
  3 kobold blastminers
  A black mamba (shapeshifter) (Abyss:4)
  An iron dragon skeleton (Crypt:3)
  A dire elephant zombie (Abyss:2)
  10 worldbinders
  4 centaur zombies
  A frost giant skeleton (Crypt:3)
  3 guardian serpents (Pan)
  A meliai (shapeshifter) (D:13)
  3 meliai (D:13)
  An apocalypse crab (Abyss:3)
  8 black mambas
  4 water nymphs
  An eye of devastation (shapeshifter) (Elf:2)
  A naga mage (Vaults:3)
  9 molten gargoyles
  A naga zombie (Crypt:3)
  10 merfolk sirens
  An alligator snapping turtle zombie (Crypt:3)
  5 torpor snails
  13 vault sentinels
  4 titan simulacra
  4 ice statues
  7 eyes of devastation
  A gargoyle (Gauntlet)
  A torpor snail (shapeshifter) (Vaults:5)
  85 smoke demons
  52 orange demons
  7 unseen horrors
  A shock serpent skeleton (Crypt:2)
  7 rust devils
  46 hellions
  9 komodo dragons
  14 cane toads
  A yaktaur (shapeshifter) (Abyss:3)
  40 yaktaurs
  2 bunyip simulacra
  A rime drake (shapeshifter) (Abyss:3)
  8 efreet
  2 alligator snapping turtle skeletons (Crypt:1)
  7 freezing wraiths
  24 tormentors
  5 anaconda simulacra
  6 ice devils (Pan)
  A rime drake (Lair:4)
  A red draconian zombie (Crypt:1)
  2 kobold demonologists (D:10)
  A golden dragon simulacrum (Vaults:3)
  2 wandering mushrooms (Crypt:1)
  5 tengu conjurers
  14 ancient zymes
  A spectral harpy (Tar:2)
  An iron giant simulacrum (Coc:6)
  29 guardian mummies
  Psyche (D:8)
  A tengu simulacrum (Coc:1)
  21 merfolk
  A polar bear (shapeshifter) (Elf:1)
  3 harpy zombies
  3 hornets
  2 trolls (shapeshifter)
  11 red devils
  3 polar bears
  10 glass eyes
  2 trolls
  25 hellwings
  29 blink frogs
  35 raiju
  A tyrant leech (Lair:5)
  A harpy skeleton (Abyss:3)
  15 tarantellas
  An ettin zombie (Crypt:1)
  7 snapping turtles
  A wind drake (Shoals:4)
  A death drake skeleton (Crypt:3)
  2 iron dragon simulacra
  12 dream sheep
  19 culicivoras
  36 jumping spiders
  Sigmund (D:5)
  83 slime creatures
  52 small abominations
  28 vampires
  An ice dragon skeleton (Crypt:2)
  A jumping spider (shapeshifter) (Vaults:2)
  48 ynoxinuls
  16 water elementals
  3 shadows
  14 wraiths
  A spriggan (shapeshifter) (Elf:1)
  8 wyverns
  14 fire bats
  28 ushabtiu
  6 air elementals
  2 basilisks (shapeshifter)
  2 steam dragons
  67 yaks
  2 golden eyes (shapeshifter)
  7 fire elementals
  4 basilisks
  2 wargs
  7 golden eyes
  37 redbacks
  49 neqoxecs
  An alligator snapping turtle simulacrum (Vaults:3)
  56 chaos spawn
  A redback (shapeshifter) (D:13)
  Menkaure (D:5)
  Edmund (D:5)
  9 vampire mosquitoes
  A swamp worm (shapeshifter) (Elf:1)
  5 hell hounds
  2 acid dragons
  5 harpy simulacra
  15 water moccasins
  5 hydra simulacra
  A water moccasin (shapeshifter) (Elf:3)
  3 naga skeletons
  22 orc warriors
  4 sky beasts
  A black bear (Lair:1)
  An ice beast (Abyss:3)
  3 ettin simulacra
  81 laughing skulls
  18 centaurs
  16 ogres
  18 wolves
  9 boggarts
  7 kobold brigands
  A komodo dragon zombie (Crypt:2)
  12 weeping skulls
  5 necrophages
  5 brain worms (Abyss:3)
  18 bullfrogs
  2 gnoll sergeants
  A yaktaur zombie (Crypt:1)
  A salamander skeleton (Crypt:3)
  3 scorpions
  A deep troll simulacrum (Vaults:3)
  A warg skeleton (Crypt:2)
  12 wights
  12 killer bees
  A snapping turtle simulacrum (Vaults:3)
  4 electric eels
  A howler monkey (D:9)
  3 lava snakes
  3 quasits
  4 jellies
  2 bombardier beetles
  5 hounds
  2 gnoll boudas
  9 orc priests
  5 centaur skeletons
  2 iguanas
  4 iron imps (Abyss:3)
  A human skeleton (Crypt:3)
  12 orc wizards
  5 hell rats (Lair:3)
  A brain worm zombie (Crypt:1)
  25 mummies
  A swamp drake zombie (Crypt:3)
  20 gnolls
  A howler monkey skeleton (Crypt:2)
  4 adders
  5 shadow imps
  3 white imps
  10 ufetubi
  An adder skeleton (Crypt:3)
  An iguana zombie (Crypt:1)
  47 orcs
  6 endoplasms
  2 giant cockroaches (D:2)
  8 hobgoblins
  4 jackals
  46 kobolds
  5 quokkas
  A river rat zombie (Crypt:1)
  2 ball pythons
  5 bats
  3 frilled lizards
  A frilled lizard zombie (Crypt:1)
  5 goblins
  8 rats
  An aspiring flesh (Pan)
  4 ball lightnings (D:12)
  A ballistomycete spore (Vaults:3)
  5 creeping infernos
  6 fire vortices
  2 lurking horrors
  8 starspawn tentacles
  2 tentacles (Shoals:2)
4764 creatures vanquished.

Vanquished Creatures (collateral kills)
  Margery (Depths:3)
  A caustic shrike (Depths:3)
  A golden dragon (Depths:4)
  A quicksilver dragon (Vaults:5)
  A deep elf blademaster (Elf:3)
  A shadow dragon (Vaults:5)
  2 tengu reavers
  Ilsuiw (Shoals:2)
  3 vault wardens
  A fire giant (Depths:4)
  A deep elf elementalist (Elf:3)
  2 frost giants (Vaults:5)
  An orc warlord (Vaults:4)
  2 very ugly things
  2 ironbound preservers
  A deep elf death mage (Vaults:5)
  A deep elf demonologist (Elf:3)
  A dire elephant (Vaults:3)
  A war gargoyle (Vaults:5)
  An ettin (Vaults:5)
  3 merfolk javelineers
  A fire dragon (Depths:1)
  4 merfolk impalers (Shoals:4)
  2 great orbs of eyes
  2 yaktaur captains
  2 vault guards (Vaults:5)
  An ice dragon (Depths:4)
  A merfolk avatar (Shoals:4)
  A catoblepas (Gauntlet)
  An alligator snapping turtle (Shoals:4)
  5 death yaks (Lair:5)
  A deep troll shaman (Depths:1)
  A demonic crawler (Spider:1)
  3 hell knights
  A spriggan (Depths:3)
  9 deep trolls
  An arcanist (Vaults:2)
  2 ironbound convokers
  A lindwurm (Vaults:1)
  A sea snake (shapeshifter) (Vaults:5)
  A deep elf pyromancer (Vaults:3)
  A salamander (shapeshifter) (Elf:1)
  A manticore (Shoals:4)
  3 elephants (Lair:5)
  2 cyclopes
  2 moths of wrath
  A merfolk siren (Shoals:2)
  2 vault sentinels
  A molten gargoyle (Gauntlet)
  A yaktaur (shapeshifter) (Vaults:5)
  A freezing wraith (Vaults:5)
  3 yaktaurs
  A merfolk (Shoals:4)
  A hornet (Depths:3)
  A wind drake (Shoals:4)
  3 dream sheep (Shoals:4)
  2 blink frogs (Lair:5)
  2 water elementals (Depths:4)
  A wyvern (Lair:5)
  A culicivora (Spider:4)
  A yak (Lair:4)
  A redback (Spider:3)
  6 orc warriors (Orc:2)
  A water moccasin (Lair:5)
  A boggart (Vaults:3)
  An orc wizard (D:12)
  40 ballistomycete spores
  A tentacle (Shoals:3)
152 creatures vanquished.

Vanquished Creatures (others)
  Antaeus (Coc:7)
  A pandemonium lord (D:12)
  A golden dragon (Vaults:5)
  A tentacled monstrosity (Abyss:3)
  A hellephant (Geh:6)
  An eldritch tentacle (Pan)
  A draconian knight (Zot:4)
  A shard shrike simulacrum (Coc:7)
  A merfolk avatar (Shoals:4)
  A tengu warrior (Depths:2)
  A shadow demon (Pan)
  A quicksilver dragon simulacrum (Coc:3)
  A glowing orange brain (Abyss:4)
  A large abomination (Abyss:3)
  An ugly thing (Depths:2)
  3 titan simulacra (Coc:3)
  A hellion (D:12)
  A storm dragon simulacrum (Coc:1)
  A hellwing (D:12)
  A tarantella (Spider:4)
  2 slime creatures (Abyss:4)
  2 redbacks (Spider:3)
  3 harpy simulacra (Coc:3)
  An ettin simulacrum (Coc:3)
  A weeping skull (Abyss:3)
  An ufetubus (Abyss:3)
  An orc (D:8)
  3 ball lightnings (D:12)
  13 ballistomycete spores
  2 foxfires (Abyss:3)
  33 starspawn tentacles
  25 tentacles
109 creatures vanquished.

Grand Total: 5025 creatures vanquished

Notes
Turn   | Place    | Note
-------+----------+-------------------------------------------
     0 | D:1      | Ofeo the Barachi Hunter began the quest for the Orb.
     0 | D:1      | Reached XP level 1. HP: 17/17 MP: 1/1
    34 | D:1      | Reached skill level 1 in Stealth
    80 | D:1      | Reached XP level 2. HP: 21/23 MP: 2/2
   537 | D:1      | Found a faded altar of an unknown god.
   719 | D:2      | Reached XP level 3. HP: 28/28 MP: 3/3
  1208 | D:3      | Reached XP level 4. HP: 35/35 MP: 4/4
  1572 | D:3      | Found a blossoming altar of Fedhas.
  1646 | D:3      | Became a worshipper of Fedhas Madash
  1950 | D:4      | Reached XP level 5. HP: 41/41 MP: 5/5
  2189 | D:4      | Found Ulishef's Weapon Emporium.
  2198 | D:4      | Bought a +0 orcbow of flaming for 83 gold pieces
  2558 | D:5      | Entered Level 5 of the Dungeon
  2563 | D:5      | Found a runed translucent door.
  2564 | D:5      | Noticed tymior's ghost (novice DrAl)
  2620 | D:5      | Reached skill level 5 in Ranged Weapons
  2620 | D:5      | Reached XP level 6. HP: 48/48 MP: 6/6
  2838 | D:5      | Found a burning altar of Makhleb.
  2840 | D:5      | Found a glowing silver altar of Zin.
  2841 | D:5      | Noticed an angel
  2843 | D:5      | Noticed a cacodemon
  2915 | D:5      | Noticed Menkaure
  2918 | D:5      | Killed Menkaure
  2919 | D:5      | Reached XP level 7. HP: 54/54 MP: 7/7
  2947 | D:5      | Found a bloodstained altar of Trog.
  2996 | D:5      | Found Joabu's Armour Shop.
  3165 | D:5      | Noticed Edmund
  3170 | D:5      | Killed Edmund
  3178 | D:5      | Noticed Sigmund
  3182 | D:5      | Killed Sigmund
  3183 | D:5      | Reached XP level 8. HP: 60/60 MP: 8/8
  3331 | D:6      | Reached * piety under Fedhas
  3636 | D:6      | Reached skill level 10 in Ranged Weapons
  4245 | D:6      | Reached ** piety under Fedhas
  4803 | D:7      | Reached XP level 9. HP: 61/65 MP: 9/9
  5210 | D:7      | Found a radiant altar of Vehumet.
  5527 | D:7      | Found a staircase to the Ecumenical Temple.
  6058 | D:8      | Reached XP level 10. HP: 71/71 MP: 10/10
  6321 | D:8      | Noticed Psyche
  6331 | D:8      | Killed Psyche
  6957 | D:8      | Reached *** piety under Fedhas
  7092 | D:9      | Found a large runed translucent door.
  7092 | D:9      | Found a large runed translucent door.
  7092 | D:9      | Noticed a centaur warrior
  7093 | D:9      | Found a large runed translucent door.
  7093 | D:9      | Found a large runed translucent door.
  7093 | D:9      | Noticed a cyan ugly thing
  7115 | D:9      | Noticed a rakshasa
  7246 | D:5      | Bought a +2 pair of gloves of strength for 258 gold pieces
  7470 | D:9      | Reached skill level 15 in Ranged Weapons
  8067 | D:9      | Reached XP level 11. HP: 72/77 MP: 11/11
  8109 | D:9      | Killed a rakshasa
  8524 | D:9      | Noticed Erolcha
  8545 | D:9      | Noticed a two-headed ogre
  8565 | D:9      | Killed a two-headed ogre
  8730 | D:10     | Entered Level 10 of the Dungeon
  8966 | D:10     | Reached **** piety under Fedhas
  8967 | D:10     | Reached skill level 5 in Invocations
  9391 | D:10     | Got the Parchment of Lava and the Throng
  9544 | D:10     | Noticed a green ugly thing
  9550 | D:10     | Killed a green ugly thing
  9774 | D:10     | Found a shimmering blue altar of Sif Muna.
  9827 | D:10     | Noticed a death yak
  9834 | D:10     | Killed a death yak
  9836 | D:10     | Noticed a death yak
  9839 | D:10     | Noticed a death yak
  9842 | D:10     | Noticed Maurice
  9859 | D:10     | Killed a death yak
  9867 | D:10     | Killed a death yak
  9868 | D:10     | Reached XP level 12. HP: 62/83 MP: 14/18
  9881 | D:10     | Killed Maurice
  9951 | D:10     | Found a staircase to the Lair.
 10212 | D:11     | Noticed a centaur warrior
 10225 | D:10     | Killed a centaur warrior
 10847 | Lair:1   | Entered Level 1 of the Lair of Beasts
 10873 | Lair:1   | Reached skill level 10 in Invocations
 12249 | Lair:1   | Noticed Sonja
 12264 | Lair:1   | Killed Sonja
 12547 | Lair:2   | Reached skill level 5 in Fighting
 12690 | Lair:2   | Reached ***** piety under Fedhas
 12802 | Lair:2   | Reached skill level 5 in Dodging
 12836 | Lair:2   | Gained mutation: You can hop long distances. [Barachi
                  | growth]
 12836 | Lair:2   | Reached XP level 13. HP: 92/92 MP: 22/22
 13296 | Lair:2   | Identified the +2 robe of Lugonu's Hatred {rPois}
 13443 | Lair:2   | Found a hole to the Spider Nest.
 13560 | Lair:3   | Noticed Josephine
 13940 | Lair:2   | Killed Josephine
 14476 | Lair:3   | Noticed Snorg
 14565 | Lair:3   | Killed Snorg
 14891 | Lair:3   | Found a staircase to the Shoals.
 15415 | Lair:4   | Reached skill level 10 in Fighting
 15521 | Lair:4   | Reached XP level 14. HP: 63/111 MP: 23/23
 15778 | Lair:4   | Reached skill level 10 in Dodging
 16639 | Lair:4   | Reached ****** piety under Fedhas
 16720 | Lair:4   | Found a runed translucent door.
 16733 | Lair:4   | Noticed Murgh's ghost (journeyman MiBe)
 16808 | Lair:5   | Entered Level 5 of the Lair of Beasts
 17231 | Lair:5   | Identified the amulet of Life {Acrobat *Slow Dex+7}
 17283 | Lair:5   | Reached XP level 15. HP: 126/126 MP: 24/24
 17667 | Lair:5   | Found a staircase to the Slime Pits.
 17891 | Lair:5   | Identified a scroll of acquirement
 17892 | Lair:5   | Acquired the +1 pair of boots of Hootad {rElec rN++}
 18528 | D:11     | Found a staircase to the Orcish Mines.
 19346 | Orc:1    | Entered Level 1 of the Orcish Mines
 19551 | Orc:2    | Entered Level 2 of the Orcish Mines
 19992 | Orc:2    | Reached skill level 15 in Fighting
 20216 | Orc:2    | Found Illut's Armour Boutique.
 20217 | Orc:2    | Found Lofac's Assorted Antiques.
 20217 | Orc:2    | Found Myifuuh's Magic Scroll Shop.
 20220 | Orc:2    | Found Oxos's Distillery.
 20260 | Orc:2    | Bought a potion of experience for 700 gold pieces
 20260 | Orc:2    | Reached XP level 16. HP: 136/136 MP: 25/25
 20263 | Orc:2    | Bought a glowing helmet for 150 gold pieces
 20407 | Orc:2    | Noticed Nessos
 20414 | Orc:2    | Killed Nessos
 20415 | Orc:2    | Found Qaxiq's Weapon Emporium.
 20567 | Orc:2    | Found a staircase to the Elven Halls.
 21743 | D:13     | Noticed Lodul
 21753 | D:12     | Killed Lodul
 21779 | D:13     | Noticed Urug
 21783 | D:13     | Killed Urug
 21915 | D:13     | Found a gate to the Vaults.
 22036 | D:13     | Found a gate leading to a gauntlet.
 22043 | Gauntlet | Entered a Gauntlet
 22043 | Gauntlet | Found a transporter.
 22051 | Gauntlet | Found a transporter.
 22058 | Gauntlet | Found a transporter.
 22067 | Gauntlet | Found a transporter.
 22096 | Gauntlet | Found a transporter.
 22100 | Gauntlet | Found a transporter.
 22110 | Gauntlet | Found a transporter.
 22112 | Gauntlet | Found a transporter.
 22146 | Gauntlet | Found a transporter.
 22154 | Gauntlet | Found a transporter.
 22158 | Gauntlet | Found a transporter.
 22167 | Gauntlet | Found a transporter.
 22361 | Gauntlet | Reached skill level 5 in Stealth
 22366 | Gauntlet | Identified the +0 pair of gloves of Weightlessness {rN+
                  | Int+2}
 22408 | Gauntlet | Identified the ring of Tomorrow {rN+++ Will- rCorr Str+6
                  | Int-4}
 22575 | Gauntlet | Identified the +0 pair of boots of Viat {rN+ Will- Str+4
                  | SInv}
 23179 | Gauntlet | Identified the ring "Norhas" {rF+ Will+}
 23600 | D:13     | Noticed Azrael
 23616 | D:13     | Killed Azrael
 24015 | D:14     | Found a portal to a secret trove of treasure.
 24519 | D:15     | Entered Level 15 of the Dungeon
 24627 | D:15     | Identified the +1 leather armour of Jeep {rN+ Dex+3 Stlth+}
 24682 | D:15     | Found an ornate altar of the Wu Jian Council.
 24713 | D:15     | Reached XP level 17. HP: 144/144 MP: 26/26
 24876 | D:15     | Reached skill level 15 in Dodging
 25010 | D:15     | Found a staircase to the Depths.
 25339 | D:15     | Found a hide-covered altar of Uskayaw.
 25530 | Shoals:1 | Entered Level 1 of the Shoals
 25728 | Shoals:1 | Noticed Louise
 25738 | Shoals:1 | Killed Louise
 26074 | Shoals:1 | Found Gomoc's Gadget Gallery.
 26083 | Shoals:1 | Bought a phantom mirror for 720 gold pieces
 26178 | Shoals:1 | Noticed Mlioglotl
 26188 | Shoals:1 | Killed Mlioglotl
 26381 | Shoals:1 | Noticed Donald
 26391 | Shoals:1 | Killed Donald
 26601 | Shoals:2 | Reached skill level 10 in Stealth
 26719 | Shoals:2 | Noticed a kraken
 26738 | Shoals:2 | Killed a kraken
 27069 | Shoals:2 | Noticed Ilsuiw
 27083 | Shoals:2 | Killed Ilsuiw
 27327 | Shoals:2 | Found a runed translucent door.
 27329 | Shoals:2 | Noticed Furuly's ghost (adept HOFi)
 27776 | Shoals:3 | Reached XP level 18. HP: 157/157 MP: 27/27
 28507 | Shoals:4 | Entered Level 4 of the Shoals
 28640 | Shoals:4 | Reached skill level 1 in Armour
 28993 | Shoals:4 | Paralysed by a formless jellyfish for 1 turns
 29244 | Shoals:4 | Reached skill level 5 in Armour
 29698 | Shoals:4 | Got a barnacled rune of Zot
 30108 | Spider:1 | Entered Level 1 of the Spider Nest
 32273 | Spider:2 | Reached XP level 19. HP: 168/168 MP: 28/28
 32291 | Spider:2 | Identified the +2 halberd "Juffeo" {freeze, rPois rN+ Str+3
                  | Int-2}
 32765 | Spider:2 | Paralysed by a jorogumo for 1 turns
 34183 | Spider:4 | Entered Level 4 of the Spider Nest
 34186 | Spider:4 | Noticed Arachne
 34199 | Spider:3 | Killed Arachne
 34945 | Spider:4 | Noticed Mara
 34968 | Spider:4 | Killed Mara
 35273 | Spider:4 | Noticed Roxanne
 35287 | Spider:4 | Killed Roxanne
 35288 | Spider:4 | Reached skill level 10 in Evocations
 35526 | Spider:4 | Got a gossamer rune of Zot
 36061 | Vaults:1 | Entered Level 1 of the Vaults
 36219 | Orc:2    | Bought a scroll of poison for 40 gold pieces
 36219 | Orc:2    | Bought 3 scrolls of blinking for 225 gold pieces
 36219 | Orc:2    | Bought a scroll of enchant armour for 75 gold pieces
 36219 | Orc:2    | Bought a scroll of poison for 40 gold pieces
 36219 | Orc:2    | Bought a scroll of fear for 40 gold pieces
 36219 | Orc:2    | Bought a scroll of enchant weapon for 75 gold pieces
 36219 | Orc:2    | Bought a scroll of poison for 40 gold pieces
 36220 | Orc:2    | Bought a scroll of blinking for 150 gold pieces
 36843 | Vaults:1 | Reached XP level 20. HP: 147/180 MP: 29/29
 37049 | Vaults:1 | Found Oluorphi's Book Shoppe.
 37050 | Vaults:1 | Found Raczyaqi's Assorted Antiques.
 37135 | Vaults:1 | Bought 2 clear potions for 61 gold pieces
 37172 | Vaults:1 | Found Plog's Distillery.
 38394 | Vaults:2 | Learned a level 3 spell: Fugue of the Fallen
 38398 | Vaults:2 | Learned a level 3 spell: Ozocubu's Armour
 38403 | Vaults:2 | Learned a level 4 spell: Summon Lightning Spire
 38407 | Vaults:2 | Learned a level 3 spell: Frozen Ramparts
 38413 | Vaults:2 | Learned a level 5 spell: Borgnjor's Vile Clutch
 38574 | Vaults:2 | Reached skill level 1 in Necromancy
 38964 | Vaults:2 | Found Mabuumar's Antique Weapon Shop.
 40026 | Vaults:3 | Found a staircase to the Crypt.
 40510 | Vaults:3 | Paralysed by an air elemental for 1 turns
 40539 | Vaults:3 | Reached XP level 21. HP: 140/189 MP: 30/30
 41010 | Vaults:3 | Was placed under penance by Fedhas
 41374 | Vaults:3 | Noticed a caustic shrike
 41395 | Vaults:3 | Killed a caustic shrike
 41605 | Vaults:3 | Got Keminyov's Atlas of the Snowflakes
 41657 | Vaults:3 | Got the Folio of Erosion
 41974 | Vaults:3 | Got Xoutuu's Elucidation of Formation
 42157 | Vaults:3 | Was forgiven by Fedhas
 42228 | Vaults:3 | Identified the staff "Newtbane" {^Fragile rElec rPois rN+
                  | Necro}
 42649 | Vaults:4 | Reached skill level 5 in Necromancy
 43121 | Vaults:4 | Reached skill level 1 in Summonings
 43121 | Vaults:4 | Reached skill level 1 in Air Magic
 43195 | Vaults:4 | Found Tunoda Fyxa's General Store.
 43702 | Depths:1 | Entered Level 1 of the Depths
 43879 | Depths:1 | Reached XP level 22. HP: 134/196 MP: 27/31
 43996 | Depths:1 | Reached skill level 5 in Summonings
 44557 | Depths:1 | Found a runed translucent door.
 44566 | Depths:1 | Found a radiant altar of Vehumet.
 44566 | Depths:1 | Noticed an ancient lich
 44602 | Depths:1 | Found a gateway to Hell.
 44645 | Depths:1 | Found a blossoming altar of Fedhas.
 44868 | Depths:1 | Reached skill level 10 in Summonings
 45819 | Depths:2 | Found a one-way gate leading to the halls of Pandemonium.
 46137 | Depths:2 | Found a runed translucent gate.
 46137 | Depths:2 | Found a runed translucent gate.
 46137 | Depths:2 | Found an ancient bone altar of Kikubaaqudgha.
 46137 | Depths:2 | Found a runed translucent gate.
 46137 | Depths:2 | Noticed Zeph's ghost (adept NaFi)
 46138 | Depths:2 | Noticed Qiwept's ghost (veteran BaIE)
 46141 | Depths:2 | Noticed a dread lich
 46142 | Depths:2 | Noticed an ancient lich
 46192 | Depths:2 | Found Guczegedgh's Book Shop.
 46194 | Depths:2 | Found Ryhih's Jewellery Shoppe.
 46194 | Depths:2 | Found Pocs's Jewellery Shoppe.
 46373 | Depths:2 | Noticed Sojobo
 46381 | Depths:2 | Noticed Asterion
 46387 | Depths:2 | Killed Sojobo
 46402 | Depths:2 | Killed Asterion
 47593 | Depths:3 | Noticed a caustic shrike
 47601 | Depths:3 | Killed a caustic shrike
 47603 | Depths:3 | Found a one-way gate to the infinite horrors of the Abyss.
 47610 | Depths:3 | Reached skill level 15 in Summonings
 47952 | Depths:3 | Noticed Margery
 47978 | Depths:3 | Killed Margery
 47979 | Depths:3 | Reached XP level 23. HP: 166/203 MP: 18/32
 49105 | D:14     | You paid a toll of 14 scrolls of teleportation to enter a
                  | treasure trove
 49106 | Trove    | Entered a treasure trove
 49106 | Trove    | Found the +3 crown of Dyrovepreva {rElec Int+2 SInv}
 49108 | Trove    | Identified the +0 kite shield of the Prince of Darkness
                  | {Str+4 Int+2}
 49110 | Trove    | Identified the amulet "Jepsik" {Rampage Regen+}
 49118 | Trove    | Identified the +0 buckler of Blue Skies {+Inv rPois Will+}
 49132 | Trove    | Identified the +2 hat "Tuxiuk" {*Slow Str+3 Stlth+}
 49133 | Trove    | Identified the +5 hat of a Labyrinth {^Contam rF++ rN+}
 49146 | Trove    | Identified the ring "Dyisuf" {Ice rN+ MP+9 Str+2}
 49171 | Trove    | Identified the ring "Ytit" {rElec rPois Dex+4 Stlth+}
 49190 | Trove    | Identified the ring "Jymoxkat" {rElec Int+2 SInv}
 49210 | Trove    | Identified the ring of Soucwora {Str+6 Slay+5}
 49476 | Depths:4 | Entered Level 4 of the Depths
 49739 | Depths:4 | Found a one-way gateway to a ziggurat.
 49792 | Depths:4 | Reached skill level 1 in Ice Magic
 49796 | Depths:4 | Reached skill level 1 in Earth Magic
 49809 | Depths:4 | Noticed a golden dragon
 49812 | Depths:4 | Killed a golden dragon
 50156 | Depths:4 | Found a gate to the Realm of Zot.
 51090 | Vaults:4 | Bought the +7 hand cannon "Xaumonon" {penet, rPois rC+
                  | Str+3} for 1159 gold pieces
 51464 | Depths:2 | Killed a dread lich
 51468 | Depths:2 | Killed Zeph's ghost
 51468 | Depths:2 | Killed an ancient lich
 51469 | Depths:2 | Reached skill level 5 in Ice Magic
 51498 | Depths:2 | Killed Qiwept's ghost
 51514 | Depths:2 | Identified the +2 battleaxe "Aligol" {speed, *Corrode rF+
                  | rC+++}
 51518 | Depths:2 | Identified the ring of the Villain {Str+4 Int+6}
 51538 | Depths:2 | Identified the +0 pair of gloves "Sustra Onea" {Rampage
                  | Dex+3}
 51780 | Elf:1    | Entered Level 1 of the Elven Halls
 52411 | Elf:1    | Found a transporter.
 52414 | Elf:1    | Noticed Hihelu's ghost (adept MiBe)
 52427 | Elf:1    | Found a transporter.
 53164 | Elf:1    | Killed Hihelu's ghost
 53170 | Elf:1    | Was placed under penance by Fedhas
 53216 | Elf:1    | Identified the +0 helmet of the Chimera {Int+3}
 53635 | Elf:2    | Identified the +10 falchion of the Apocalypse {antimagic,
                  | Str-3 Int+5 Dex+2}
 53694 | Elf:2    | Was forgiven by Fedhas
 53696 | Elf:2    | Reached skill level 10 in Ice Magic
 53717 | Elf:2    | Found a gateway to a bazaar.
 53807 | Elf:2    | Reached skill level 10 in Necromancy
 53807 | Elf:2    | Reached XP level 24. HP: 210/210 MP: 32/32
 53829 | Elf:2    | Found a runed translucent gate.
 53829 | Elf:2    | Found a runed translucent gate.
 53829 | Elf:2    | Found a runed translucent gate.
 54512 | Elf:3    | Entered Level 3 of the Elven Halls
 54641 | Elf:3    | Identified the +10 falchion "Nejuq" {flame, Fly rF+ rC++
                  | Stlth+}
 54666 | Elf:3    | Identified the amulet of Sin {RegenMP -Tele rPois rC++
                  | Int+2 Stlth+}
 54693 | Elf:3    | Identified the +3 morningstar "Ypsak" {freeze, rElec rC-
                  | Dex+4}
 54730 | Elf:3    | Identified the +1 flail of the Fortifying Gods {elec, rElec
                  | Str+3}
 55011 | Elf:3    | Identified the +0 robe "Soalia Xunwa" {^Drain Regen+ Dex+6}
 55031 | Elf:3    | Found the +2 hat of the Bear Spirit {Spirit, Bear, *Rage
                  | Will++}
 55041 | Elf:3    | Identified the staff of the Grinning Penguin {rN+ SInv
                  | Necro}
 55093 | Elf:3    | Identified the +5 plate armour of the Sun {Fly}
 55108 | Elf:3    | Identified the +4 short sword "Xaz Mof" {drain, Will+ Int+3
                  | Stlth+}
 55196 | Elf:3    | Identified the staff of the Screaming Gods {rF+ MP+9 Dex+3
                  | Fire}
 55700 | Elf:3    | Noticed Nikola
 55711 | Elf:3    | Killed Nikola
 56260 | Temple   | Entered the Ecumenical Temple
 56490 | Vaults:1 | Bought a pair of bloodstained boots for 323 gold pieces
 56490 | Vaults:1 | Identified the +1 pair of boots "Xigi Okaif" {Harm +Inv
                  | Int-4} (You bought it in a shop on level 1 of the Vaults)
 56492 | Vaults:1 | Bought a pair of ichor-stained boots for 323 gold pieces
 56492 | Vaults:1 | Identified the +2 pair of boots of the Northern Lights
                  | {Regen+} (You bought it in a shop on level 1 of the Vaults)
 57115 | Vaults:5 | Entered Level 5 of the Vaults
 57176 | Vaults:5 | Reached skill level 10 in Armour
 57560 | Vaults:5 | Reached XP level 25. HP: 182/214 MP: 32/32
 57882 | Vaults:5 | Reached skill level 15 in Armour
 58280 | Vaults:5 | Found Veaxkuch's Distillery.
 58367 | Vaults:5 | Found Adingut's General Store.
 58375 | Vaults:5 | Bought a +0 hand cannon of draining for 157 gold pieces
 58517 | Vaults:5 | Found Ynkixa's Distillery.
 58671 | Vaults:5 | Found Cosmekh's Distillery.
 58749 | Vaults:5 | Found Ananotipn's Distillery.
 58802 | Vaults:5 | Got a silver rune of Zot
 59758 | Zot:1    | Entered Level 1 of the Realm of Zot
 59859 | Depths:2 | Bought a book of Minor Magic for 304 gold pieces
 59859 | Depths:2 | Bought a book of Weapons for 532 gold pieces
 59864 | Depths:2 | Learned a level 2 spell: Blink
 59869 | Depths:2 | Learned a level 4 spell: Dimensional Bullseye
 60153 | Temple   | Fell from the grace of Fedhas
 60153 | Temple   | Became a worshipper of the Shining One
 60430 | Crypt:1  | Entered Level 1 of the Crypt
 60528 | Crypt:1  | Reached skill level 1 in Hexes
 60528 | Crypt:1  | Reached skill level 1 in Translocations
 60810 | Crypt:1  | Reached * piety under the Shining One
 61019 | Crypt:1  | Reached ** piety under the Shining One
 61040 | Crypt:1  | Reached *** piety under the Shining One
 61080 | Crypt:1  | Reached **** piety under the Shining One
 61083 | Crypt:1  | Paralysed by a vampire knight for 2 turns
 61104 | Crypt:1  | Reached skill level 5 in Hexes
 61106 | Crypt:1  | Reached skill level 5 in Translocations
 61348 | Crypt:1  | Reached ***** piety under the Shining One
 61984 | Crypt:2  | Identified the orb "Jiguu" {light, Int-2 Slay+5 Necro Tloc}
 61984 | Crypt:2  | Noticed Frederick
 62066 | Crypt:2  | Reached ****** piety under the Shining One
 62100 | Crypt:1  | Reached XP level 26. HP: 224/224 MP: 32/32
 62477 | Crypt:2  | Noticed Vv
 62829 | Crypt:2  | Identified a +9 hand cannon of holy wrath (a +7 hand cannon
                  | of electrocution blessed by the Shining One)
 62829 | Crypt:2  | Received a gift from the Shining One
 63120 | D:5      | Fell from the grace of the Shining One
 63120 | D:5      | Became a worshipper of Zin the Law-Giver
 63120 | D:5      | Reached * piety under Zin
 63120 | D:5      | Reached ** piety under Zin
 63120 | D:5      | Reached *** piety under Zin
 63120 | D:5      | Reached **** piety under Zin
 63120 | D:5      | Reached ***** piety under Zin
 63470 | Crypt:2  | Killed Frederick
 63471 | Crypt:2  | Reached skill level 10 in Translocations
 63852 | Crypt:2  | Killed Vv
 64319 | Crypt:3  | Entered Level 3 of the Crypt
 64319 | Crypt:3  | Found a runed translucent gate.
 64319 | Crypt:3  | Found a runed translucent gate.
 64319 | Crypt:3  | Found a runed translucent gate.
 64321 | Crypt:3  | Noticed Hynnuzim's ghost (veteran CeHu)
 64402 | Crypt:3  | Killed Hynnuzim's ghost
 64519 | Crypt:3  | Found a staircase to the Tomb.
 64543 | Crypt:3  | Found a magical portal.
 64553 | WizLab   | Entered Borgnjor's Mausoleum
 64677 | WizLab   | Reached ****** piety under Zin
 65401 | WizLab   | Got Fechau's Meditations on Sciomancy
 65808 | Crypt:3  | Reached XP level 27. HP: 231/231 MP: 33/34
 65870 | Crypt:3  | Identified the +7 chain mail of Eternal Night {Harm Regen+
                  | Str+3 Stlth+}
 65871 | Crypt:3  | Identified the +0 chain mail of Theory {Regen+}
 66116 | Crypt:3  | Was forgiven by Fedhas
 66264 | Crypt:3  | Identified the +3 pair of boots "Ucul" {rC++ MP-9 Str+4}
 66445 | Crypt:3  | Reached skill level 15 in Invocations
 66566 | Crypt:3  | Noticed Jory
 66577 | Crypt:3  | Killed Jory
 66685 | Crypt:3  | Found the +2 cloak of the Thief {*Fog Slay-2 SInv Stlth+}
 66962 | Crypt:3  | Identified the +2 ring mail of the Trout {rPois rC+}
 66984 | Crypt:3  | Identified the +0 ring mail of Crawling {rN+ Str+2 SInv}
 66989 | Crypt:3  | Identified the ring of Midsummer {Will+ MP+9 Dex+4}
 72818 | Zot:4    | Reached skill level 10 in Hexes
 73236 | Zot:5    | Entered Level 5 of the Realm of Zot
 73941 | Zot:5    | Noticed a dread lich
 73963 | Zot:5    | Noticed an orb of fire
 73964 | Zot:5    | Noticed an orb of fire
 73966 | Zot:5    | Noticed an orb of fire
 73967 | Zot:5    | Killed a dread lich
 73970 | Zot:5    | Noticed an orb of fire
 73974 | Zot:5    | Killed an orb of fire
 73976 | Zot:5    | HP: 9/231 [orb of fire/fireball (17)]
 75123 | Zot:5    | Noticed an ancient lich
 75130 | Zot:5    | Killed an orb of fire
 75130 | Zot:5    | Killed an ancient lich
 75139 | Zot:5    | Noticed an ancient lich
 75145 | Zot:5    | Killed an ancient lich
 75395 | Zot:5    | Noticed an ancient lich
 75406 | Zot:5    | Killed an ancient lich
 75570 | Zot:4    | Killed an orb of fire
 76480 | Zot:5    | Killed an orb of fire
 77662 | Slime:1  | Entered Level 1 of the Pits of Slime
 77670 | Slime:1  | Reached skill level 1 in Spellcasting
 77776 | Slime:5  | Entered Level 5 of the Pits of Slime
 77776 | Slime:5  | Found the +8 arc blade {discharge, rElec}
 77776 | Slime:5  | Found a viscous altar of Jiyva.
 77827 | Slime:5  | Reached skill level 5 in Spellcasting
 78181 | Pan      | Entered Pandemonium
 78206 | Pan      | Noticed Yzihe the pandemonium lord
 78214 | Pan      | Killed Yzihe the pandemonium lord
 79733 | Pan      | Learned a level 6 spell: Summon Cactus Giant
 79968 | Pan      | Found an exit through the horrors of the Abyss.
 80017 | Pan      | Reached skill level 10 in Spellcasting
 80399 | Pan      | Identified the +10 morningstar "Buuhet" {heavy, rCorr Int+2
                  | Dex-2 SInv}
 80569 | Pan      | Identified the staff of the Unspeakable One {rC+ Summ
                  | Earth}
 80776 | Pan      | Noticed Ignacio
 80784 | Pan      | Killed Ignacio
 80837 | Pan      | Reached skill level 1 in Shapeshifting
 81079 | Pan      | Reached skill level 5 in Shapeshifting
 81079 | Pan      | Noticed Geots the pandemonium lord
 81094 | Pan      | Killed Geots the pandemonium lord
 81832 | Pan      | Noticed Mennas
 81847 | Pan      | Killed Mennas
 82159 | Pan      | Noticed Yniymado the pandemonium lord
 82811 | Pan      | Killed Yniymado the pandemonium lord
 82930 | Pan      | Identified the +2 orcbow "Hedaulia" {drain, ^Drain rElec
                  | rPois Int+3}
 83748 | Pan      | Entered the realm of Lom Lobon.
 83768 | Pan      | Acquired the amulet of Kuiwniux {RegenMP rF++ Int+3}
 84242 | Pan      | Identified the +5 rapier of Internal Strife {freeze, Int+5}
 84392 | Pan      | Found an exit through the horrors of the Abyss.
 84924 | Pan      | Noticed Lom Lobon
 84940 | Pan      | Killed Lom Lobon
 84946 | Pan      | Got a magical rune of Zot
 85268 | Depths:2 | Escaped Pandemonium
 85508 | Vaults:5 | Bought a potion of heal wounds for 95 gold pieces
 85508 | Vaults:5 | Bought a potion of might for 76 gold pieces
 85508 | Vaults:5 | Bought a potion of haste for 190 gold pieces
 85508 | Vaults:5 | Bought a potion of mutation for 152 gold pieces
 85508 | Vaults:5 | Bought a potion of enlightenment for 95 gold pieces
 85542 | Vaults:5 | Bought 2 potions of haste for 380 gold pieces
 85542 | Vaults:5 | Bought a potion of curing for 57 gold pieces
 85542 | Vaults:5 | Bought a potion of haste for 190 gold pieces
 85542 | Vaults:5 | Bought a potion of mutation for 152 gold pieces
 85542 | Vaults:5 | Bought a potion of heal wounds for 95 gold pieces
 85553 | Vaults:5 | Bought a potion of enlightenment for 65 gold pieces
 85553 | Vaults:5 | Bought 2 potions of curing for 78 gold pieces
 85553 | Vaults:5 | Bought a potion of mutation for 104 gold pieces
 85553 | Vaults:5 | Bought a potion of curing for 39 gold pieces
 85604 | Vaults:5 | Bought a potion of might for 84 gold pieces
 85604 | Vaults:5 | Bought a potion of mutation for 168 gold pieces
 85604 | Vaults:5 | Bought a potion of heal wounds for 105 gold pieces
 85604 | Vaults:5 | Bought a potion of mutation for 168 gold pieces
 85861 | Orc:2    | Bought a potion of curing for 42 gold pieces
 85861 | Orc:2    | Bought a potion of curing for 42 gold pieces
 85861 | Orc:2    | Bought a potion of resistance for 140 gold pieces
 86075 | Vaults:1 | Bought a potion of heal wounds for 65 gold pieces
 86075 | Vaults:1 | Bought a potion of heal wounds for 65 gold pieces
 86075 | Vaults:1 | Bought a potion of mutation for 104 gold pieces
 86075 | Vaults:1 | Bought a potion of resistance for 130 gold pieces
 86075 | Vaults:1 | Bought a potion of mutation for 104 gold pieces
 86290 | Pan      | Entered Pandemonium
 87174 | Pan      | Noticed Umim the pandemonium lord
 87193 | Pan      | Killed Umim the pandemonium lord
 87839 | Pan      | Noticed Mairoton the pandemonium lord
 87845 | Pan      | Killed Mairoton the pandemonium lord
 89212 | Pan      | Noticed Eciy the pandemonium lord
 89221 | Pan      | Killed Eciy the pandemonium lord
 89717 | Pan      | Noticed Huvyas the pandemonium lord
 89730 | Pan      | Killed Huvyas the pandemonium lord
 89762 | Pan      | Got a demonic rune of Zot
 89809 | Pan      | Noticed Disk the pandemonium lord
 89816 | Pan      | Killed Disk the pandemonium lord
 89817 | Pan      | Reached skill level 27 in Dodging
 90311 | Pan      | Noticed Obadum the pandemonium lord
 90317 | Pan      | Killed Obadum the pandemonium lord
 90783 | Pan      | Entered the realm of Gloorx Vloq.
 90813 | Pan      | Learned a level 6 spell: Dispersal
 91933 | Pan      | Noticed Gloorx Vloq
 92114 | Pan      | Killed Gloorx Vloq
 92320 | Pan      | Got a dark rune of Zot
 92535 | Pan      | Noticed Jaob the pandemonium lord
 92541 | Pan      | Identified the amulet of Vuifit {RegenMP Str+3 Int+2 Dex+3}
 92866 | Pan      | Killed Jaob the pandemonium lord
 93166 | Pan      | Got the Parchment of Viperous Blasts
 93812 | Pan      | Entered the realm of Cerebov.
 93850 | Pan      | Reached skill level 27 in Fighting
 94429 | Pan      | Identified the +6 dagger "Bumucyo" {speed, Int+3}
 94442 | Pan      | Identified the ring "Nousah" {rF- rCorr MP+9 Stlth+}
 94479 | Pan      | Identified the +2 robe of Fashionability {rPois rCorr}
 94702 | Pan      | Identified the scarf of the Apothecary {shadows, Stlth+}
 94736 | Pan      | Identified the +0 hand axe "Pucwicic" {vamp, rCorr}
 94745 | Pan      | Found the +6 sword of Cerebov {flame}
 94745 | Pan      | Noticed Cerebov
 94752 | Pan      | Identified the +3 hand axe of Womeorgh Fimo {drain, rElec}
 94772 | Pan      | Killed Cerebov
 94773 | Pan      | Reached skill level 10 in Shapeshifting
 94824 | Pan      | Got a fiery rune of Zot
 94825 | Pan      | Identified the +3 chain mail of Honesty {^Drain rC+ Str+4
                  | Int-3}
 94946 | Pan      | Identified the +5 ring mail of the Immovable Friars {rN+
                  | Int+4}
 95320 | Pan      | Found an exit through the horrors of the Abyss.
 95346 | Pan      | Found an exit through the horrors of the Abyss.
 95437 | Pan      | Noticed Kuytus the pandemonium lord
 95475 | Pan      | Killed Kuytus the pandemonium lord
 95778 | Pan      | Noticed Qyot the pandemonium lord
 95782 | Pan      | Killed Qyot the pandemonium lord
 96301 | Pan      | Entered the realm of Mnoleg.
 96301 | Pan      | Noticed Mnoleg
 96308 | Pan      | Got a glowing rune of Zot
 96315 | Pan      | Reached skill level 15 in Shapeshifting
 97672 | Pan      | Killed Mnoleg
 98510 | Pan      | Noticed Zodit the pandemonium lord
 98516 | Pan      | Killed Zodit the pandemonium lord
 98653 | Pan      | Found an exit through the horrors of the Abyss.
 98684 | Pan      | Took an exit into the Abyss.
 98684 | Abyss:1  | Escaped into the Abyss
 99460 | Abyss:3  | Found a corrupted altar of Lugonu.
 99554 | Abyss:3  | Found a corrupted altar of Lugonu.
 99554 | Abyss:3  | Found a corrupted altar of Lugonu.
 99554 | Abyss:3  | Found a corrupted altar of Lugonu.
 99909 | Abyss:3  | Reached skill level 15 in Stealth
100130 | Abyss:3  | Identified the +0 battleaxe "Dostrut" {distort, rN+ Str+2}
100498 | Abyss:4  | Found a corrupted altar of Lugonu.
100524 | Abyss:4  | Found a corrupted altar of Lugonu.
100537 | Abyss:4  | Got an abyssal rune of Zot
101225 | Depths:2 | Escaped the Abyss
102147 | Slime:5  | Noticed the Royal Jelly
102175 | Slime:5  | Killed the Royal Jelly
102218 | Slime:5  | Identified the +1 dagger of Callousness {heavy, *Corrode
                  | rC+++ SInv}
102256 | Slime:5  | Got a slimy rune of Zot
102257 | Slime:5  | Identified the +8 halberd of Indomitability {pain, rC+
                  | rCorr Dex+4}
102266 | Slime:5  | Identified the +1 pair of boots of Xom's Wrath {rC+ Will-
                  | rCorr Str+3}
102291 | Slime:5  | Identified the +6 long sword "Vusimy" {freeze, rPois rF+
                  | Int-4 SInv}
102292 | Slime:5  | Identified the ring of Xetic {rElec rC+++ MP-9 EV+5 Stlth+}
102341 | Slime:5  | Acquired 537 gold pieces
102730 | Bazaar   | Entered a bazaar
102730 | Bazaar   | Found Vikhlebaxt's Antique Weapon Shop.
102730 | Bazaar   | Found Ocemicyf's Book Shop.
102730 | Bazaar   | Found Zouleg's General Store.
102745 | Bazaar   | Bought a +2 cloak of poison resistance for 222 gold pieces
102745 | Bazaar   | Bought a potion of cancellation for 96 gold pieces
102747 | Bazaar   | Bought the +3 Elemental Staff {ele, rElec rF+ rC+ AC+3} for
                  | 1713 gold pieces
102747 | Bazaar   | Found the +3 Elemental Staff {ele, rElec rF+ rC+ AC+3}
103034 | Hell     | Entered the Vestibule of Hell
103034 | Hell     | Noticed Geryon
103036 | Hell     | Found a gateway to the freezing wastes of Cocytus.
103493 | Hell     | Killed Geryon
103637 | Hell     | Found a gateway to the decaying netherworld of Tartarus.
103748 | Hell     | Found a gateway to the ashen valley of Gehenna.
104262 | Hell     | Found a gateway to the Iron City of Dis.
104325 | Coc:1    | Entered Level 1 of Cocytus
104377 | Coc:1    | Noticed an ancient lich
104382 | Coc:1    | Killed an ancient lich
104411 | Coc:2    | Noticed a dread lich
104436 | Coc:3    | Paralysed by a wendigo for 1 turns
105362 | Coc:6    | Reached skill level 15 in Translocations
106004 | Coc:7    | Entered Level 7 of Cocytus
106323 | Coc:7    | Paralysed by a wendigo for 1 turns
107501 | Coc:7    | Noticed Antaeus
108271 | Coc:7    | Killed Antaeus
108288 | Coc:7    | Got an icy rune of Zot
108486 | Tar:1    | Entered Level 1 of Tartarus
108739 | Tar:2    | Noticed an ancient lich
108746 | Tar:2    | Killed an ancient lich
110400 | Tar:6    | Reached skill level 27 in Invocations
110755 | Tar:7    | Entered Level 7 of Tartarus
112108 | Tar:7    | Identified the +1 pair of gloves of Kitusiaw {Will+}
112846 | Tar:7    | Identified the staff of the Inferno {rN+ Summ Necro}
113662 | Tar:7    | Noticed Ereshkigal
113684 | Tar:7    | Killed Ereshkigal
113851 | Tar:7    | Got a bone rune of Zot
114194 | Tar:7    | Identified the +1 leather armour "Ledeucy" {Harm rC+++
                  | rCorr Dex-2}
115251 | Dis:1    | Entered Level 1 of the Iron City of Dis
116122 | Dis:2    | Noticed an ancient lich
116122 | Dis:2    | Noticed a dread lich
116122 | Dis:2    | Noticed a dread lich
116431 | Geh:1    | Entered Level 1 of Gehenna
116470 | Geh:1    | You fall into a shaft and drop 1 floor!
117662 | Geh:6    | Learned a level 8 spell: Disjunction
117919 | Geh:7    | Entered Level 7 of Gehenna
118720 | Geh:7    | Identified the +2 helmet of Railesk {Harm Fly Will+ Slay+2}
119160 | Geh:7    | Found the +13 sceptre of Asmodeus
119160 | Geh:7    | Noticed Asmodeus
119176 | Geh:7    | Killed Asmodeus
119201 | Geh:7    | Got an obsidian rune of Zot
119324 | Geh:7    | Identified the +2 robe of Ignis's Benevolence {rC+ MP+9}
121831 | Dis:2    | Killed a dread lich
121836 | Dis:2    | Killed an ancient lich
121838 | Dis:2    | Killed a dread lich
122102 | Dis:2    | Noticed a dread lich
122102 | Dis:2    | Noticed a dread lich
122113 | Dis:2    | Noticed an ancient lich
122116 | Dis:2    | Killed a dread lich
122119 | Dis:2    | Killed a dread lich
122120 | Dis:2    | Killed an ancient lich
122876 | Dis:7    | Entered Level 7 of the Iron City of Dis
124032 | Dis:7    | Reached skill level 27 in Armour
124637 | Dis:7    | Noticed a juggernaut
124649 | Dis:7    | Killed a juggernaut
125000 | Dis:7    | Noticed Dispater
125027 | Dis:7    | Killed Dispater
125041 | Dis:7    | Identified the +5 rapier of Kyqul {freeze, +Blink}
125116 | Dis:7    | Got an iron rune of Zot
125545 | Temple   | Fell from the grace of Zin
125545 | Temple   | Became a worshipper of Uskayaw the Reveller
125955 | Tomb:1   | Entered Level 1 of the Tomb of the Ancients
125999 | Tomb:1   | Reached * piety under Uskayaw
126036 | Tomb:1   | Reached ** piety under Uskayaw
126098 | Tomb:1   | Reached *** piety under Uskayaw
126099 | Tomb:1   | Reached **** piety under Uskayaw
126102 | Tomb:1   | Reached ***** piety under Uskayaw
126107 | Tomb:1   | Reached ****** piety under Uskayaw
126382 | Tomb:1   | Noticed Khufu
126386 | Tomb:1   | Noticed a royal mummy
126400 | Tomb:1   | Killed a royal mummy
126405 | Tomb:1   | Killed Khufu
126822 | Tomb:2   | Noticed a royal mummy
126822 | Tomb:2   | Noticed a royal mummy
126823 | Tomb:2   | Noticed a royal mummy
126828 | Tomb:2   | Noticed a royal mummy
126963 | Tomb:3   | Entered Level 3 of the Tomb of the Ancients
126981 | Tomb:3   | Noticed a royal mummy
126982 | Tomb:3   | Noticed a royal mummy
126986 | Tomb:3   | Noticed a royal mummy
126994 | Tomb:3   | Killed a royal mummy
126996 | Tomb:3   | Killed a royal mummy
126999 | Tomb:3   | Noticed a royal mummy
127000 | Tomb:3   | Noticed a royal mummy
127005 | Tomb:3   | Noticed a royal mummy
127006 | Tomb:3   | Noticed a royal mummy
127009 | Tomb:3   | Killed a royal mummy
127009 | Tomb:3   | Noticed a royal mummy
127014 | Tomb:3   | Noticed a royal mummy
127017 | Tomb:3   | Killed a royal mummy
127019 | Tomb:3   | Killed a royal mummy
127204 | Tomb:3   | Killed a royal mummy
127215 | Tomb:3   | Killed a royal mummy
127215 | Tomb:3   | Killed a royal mummy
127218 | Tomb:3   | Killed a royal mummy
127386 | Tomb:3   | Identified the +5 halberd of Entrepreneurial Spirit {flame,
                  | Str+3 Dex+2}
127577 | Tomb:3   | Identified the ring "Abraanat" {Ice rCorr Int+4 Dex-4}
127579 | Tomb:3   | Identified the +2 leather armour of Focus {Harm Rampage
                  | *Corrode rPois}
127583 | Tomb:3   | Identified the +3 scale mail of Ohotsuaw {Will++ Dex+3}
127584 | Tomb:3   | Identified the ring "Ymareud" {Fire rCorr Str+2 Dex-3
                  | Stlth+}
127589 | Tomb:3   | Identified the +9 quarterstaff of the People {vamp, rElec
                  | rN+ Int+5}
127598 | Tomb:3   | Got the Octavo of Blasting
127599 | Tomb:3   | Identified the +2 pair of boots of Yesterday {rPois rN+
                  | Dex+2}
127603 | Tomb:3   | Identified the +9 mace of Pucipoq {flame, ^Drain rN+++
                  | Dex+4}
127871 | Tomb:3   | Got a golden rune of Zot
128588 | Zot:5    | Got the Orb of Zot
128614 | Zot:5    | Noticed a seraph
128620 | Zot:5    | Killed a seraph
128936 | D:12     | Noticed Duriyf the pandemonium lord
128964 | D:12     | Killed Duriyf the pandemonium lord
128991 | D:12     | Noticed a seraph
129098 | D:10     | Noticed Beluzom the pandemonium lord
129273 | D:$      | Escaped with the Orb!

Illustrated notes

Levels and vault maps discovered:
D:1:      nicolae_arrival_memento_mori, layout_rooms,
          shapermc_ecumenical_altar_starsandcircs
D:2:      layout_rooms, minmay_misc_feat_x
D:3:      cheibrodos_helix_gallery, layout_rooms, lemuel_doored_altar,
          minmay_quantized
D:4:      layout_basic, serial_shops, nicolae_shop_peninsula
D:5:      layout_rooms, grunt_temple_overflow_order_and_chaos_2,
          mainiacjoe_overflow_concentric_impassable, serial_shops, shop,
          gammafunk_ghost_grave, serial_bayou, serial_bayou_pond_e,
          serial_bayou_lagoon_b, serial_bayou_shore_b, serial_bayou_pond_b,
          serial_bayou_pond_e, sigmund_edmund_badplayer, uniq_menkaure
D:6:      kennysheep_kobold_camp, layout_basic, serial_corexii_hall,
          corexii_hall_statues_x, chequers_hall_statues_y,
          corexii_hall_statues_i
D:7:      layout_loops_ring, mainiacjoe_overflow_small_starburst,
          minmay_temple_entry_mini_moons
D:8:      minmay_razor_zed, layout_rooms, uniq_psyche
D:9:      layout_irregular_city, minmay_hollow_rounded_squares, uniq_erolcha
D:10:     layout_loops_ring, marbit_many_paths, dpeg_lair_monsters,
          hangedman_incinerator, uniq_maurice
D:11:     nicolae_cairo_tiling, layout_basic, minmay_orc_entry_temple_small,
          kennysheep_generic_room_13
D:12:     layout_gridville
D:13:     layout_irregular_city, david_vaults_4, gauntlet_entry_generic,
          uniq_lodul, uniq_azrael, uniq_urug
D:14:     layout_small_grid, serial_glass, glass_columns_a, glass_columns_a,
          enter_trove_2
D:15:     hangedman_depths_entry_civil_slaughter, layout_small_grid,
          nicolae_uskayaw_suspiria, nzn_wu_jian_council_hall
Temple:   minmay_temple_bridge_d
Lair:1:   layout_cave_pods, uniq_sonja
Lair:2:   layout_roguey, spider_nest_entry_funnel_web, minivault_25,
          infiniplex_staircase_pool
Lair:3:   layout_layer_cave, elwin_shoals_entry_stream, serial_bayou_shore_a,
          lemuel_fruit_tree, serial_bayou_shore_b, grunt_megastairs_3,
          uniq_snorg, uniq_josephine
Lair:4:   beast_lair_carwin_large_1, layout_gridlike,
          ebering_ghost_reflecting_pool, serial_bayou_shore_b
Lair:5:   minmay_lair_end_frog_pond, layout_long_grid, slime_entry_1,
          serial_bayou_shore_b
Shoals:1: layout_shoals, nicolae_shop_gadgets, uniq_mlioglotl, uniq_donald,
          uniq_louise
Shoals:2: layout_shoals, ebering_ghost_inner_flame, uniq_ilsuiw
Shoals:3: layout_shoals
Shoals:4: shoals_end_simple, layout_shoals, shoals_ilsuiw_ice,
          nicolae_shoals_loop_pool
Spider:1: layout_chambers, nicolae_crawler_farm
Spider:2: nicolae_spider_mines_3, drop_trap
Spider:3: layout_spider_delve
Spider:4: grunt_spider_rune_island, uniq_mara, uniq_arachne, uniq_roxanne
Slime:1:  layout_caves
Slime:2:  layout_caves, nicolae_slime_barrier
Slime:3:  layout_caves
Slime:4:  layout_caves
Slime:5:  slime_pit_nicolae_jellycorners
Orc:1:    layout_caves
Orc:2:    st_orc_rangers, layout_diamond_mine, serial_shops, shop, uniq_nessos
Elf:1:    layout_onion_city, gammafunk_ghost_berserking_beasts,
          hangedman_elf_disciples, grunt_ministairs_15, columned_hall_lemuel
Elf:2:    elven_hall_of_blades_hangedman_original [nicolae_blade_little_rooms],
          layout_geoelf_diagonals, serial_shops, bzr_entry_water
Elf:3:    grunt_elf_hall_spiral, layout_rooms, hangedman_elven_ridges, pf_eden,
          uniq_nikola
Vaults:1: vaults_room_large_hall, v_pattern_1,
          hangedman_vaults_hard_town_square,
          nicolae_vaults_trapezoid_lopsided_1, vaults_room_ringed_pool,
          nicolae_vaults_tetromino_T_2, hangedman_vaults_impose,
          dpeg_vaults_monster_box, vaults_mumra_chevron,
          nicolae_vaults_closet_pinwheel_3, layout_vaults_big_room
Vaults:2: nicolae_vaults_closet_pinwheel_4, nicolae_vaults_tetromino_Z_1,
          nicolae_vaults_more_shelving_2, vaults_mumra_minichess,
          nicolae_vaults_little_squares_5, nicolae_vaults_apartment_1,
          dpeg_vaults_monster_row, ontoclasm_vaults_eye, vaults_dpeg_ring,
          nicolae_vaults_apartment_1, layout_vaults_quadrants, serial_shops,
          nicolae_square_shop
Vaults:3: hangedman_vaults_slice, nicolae_vaults_heist,
          nicolae_vaults_big_angled_halls, minmay_crypt_entry_simple_statues,
          nicolae_vaults_asterisk, vaults_mumra_bighexcomb, vaults_room_octagon,
          v_misc_9, nicolae_vaults_offset_grid_hallway_3,
          nicolae_vaults_offset_grid_hallway_2, nicolae_vaults_puzzle_piece,
          layout_vaults_maze_bifur, serial_magic_research,
          hangedman_research_electronics, hangedman_research_thermodynamics,
          hangedman_research_geology, hangedman_research_convocations,
          serial_shops
Vaults:4: nicolae_vaults_six-pack, nicolae_vaults_asterisk,
          nicolae_vaults_trapezoid_1, hangedman_vaults_corner_blocks,
          nicolae_vaults_ninety_degrees, v_misc_29, lightli_church_of_beogh,
          nicolae_vaults_little_squares_1, nicolae_vaults_mini_display_case,
          nicolae_vaults_tetromino_L_1, nicolae_vaults_rhombus_5,
          ontoclasm_vaults_twist, v_pattern_3, layout_vaults_omnibox,
          serial_shops, shop
Vaults:5
Crypt:1:  grunt_deathspiral_small, layout_chaotic_city,
          grunt_crypt_arrival_webbed
Crypt:2:  layout_regular_city, uniq_frederick, uniq_vv
Crypt:3:  due_elkab, layout_chaotic_city, gammafunk_ghost_spectres,
          mu_enter_wizlab_4
Tomb:1:   uniq_khufu
Tomb:2
Tomb:3
Depths:1: layout_gridlike, fedhas_altar_1, hell_entry,
          grunt_absolute_annihilation, serial_bayou_shore_b
Depths:2: nzn_winding_woodlands_medium [nzn_winding_woodlands_5x5_open_star,
          nzn_winding_woodlands_5x15_zeroes, nzn_winding_woodlands_hourglass,
          nzn_winding_woodlands_5x5_three,
          nzn_winding_woodlands_center_triple_pond,
          nzn_winding_woodlands_5x5_cross,
          nzn_winding_woodlands_5x5_checkerboard,
          nzn_winding_woodlands_5x15_pool, nzn_winding_woodlands_5x5_default],
          layout_gridlike, nicolae_hell_entry_hellmouth_sunbeams,
          gammafunk_ghost_crypt, minmay_hedge_maze, rand_demon_pan_entry_4,
          chequers_serial_rivers_micro_e, serial_bayou_shore_b,
          minmay_shop_grove, uniq_asterion, uniq_sojobo, uniq_josephina
Depths:3: minmay_diamond_stairs, layout_honeycomb, grunt_hell_entry_dis_grunt,
          abyss_entry, minmay_stone_trees_medium,
          minmay_staircase_windowed_small, uniq_margery
Depths:4: evilmike_zot_entry_diamond, layout_twisted_cross, enter_ziggurat_e,
          pan_entry, abyss_entry, serial_bayou, serial_bayou_pond_c,
          serial_bayou_ford_a, serial_bayou_pond_c, serial_bayou_shore_b,
          hell_entry
Hell
Dis:1:    grunt_dis_stairs_iron_hall
Dis:2:    layout_gridville, nicolae_dis_liches_on_tour
Dis:3:    layout_gridville, nicolae_dis_big_boring_drill
Dis:4:    layout_gridville, nicolae_dis_fourth_circle
Dis:5:    layout_regular_city, nicolae_dis_strange_trophy_room
Dis:6:    layout_gridville, glass_columns_a
Dis:7:    dis_hangedman
Geh:1:    layout_gehenna_pools_basic, nicolae_geh_lavax
Geh:2:    layout_gehenna_pools_triple
Geh:3:    layout_gehenna_lava_caves
Geh:4:    layout_gehenna_lava_caves
Geh:5:    layout_gehenna_pools_triple, lemuel_old_faithful
Geh:6:    layout_gehenna_pools_basic
Geh:7:    geh_grunt
Coc:1:    nicolae_coc_icebeans_plural [nicolae_sub_coc_subbean,
          nicolae_sub_coc_subbean, nicolae_sub_coc_subbean,
          nicolae_sub_coc_subbean], layout_cocytus_water_paths
Coc:2:    layout_ice_bergs
Coc:3:    layout_cocytus_water_paths
Coc:4:    layout_cocytus_delve, serial_ice
Coc:5:    layout_ice_bergs
Coc:6:    layout_ice_bergs
Coc:7:    coc_grunt_cove [coc_grunt_cove_antaeus, coc_grunt_cove_fiend,
          coc_grunt_cove_fiend, coc_grunt_cove_fiend, coc_grunt_cove_fiend]
Tar:1:    layout_catacombs
Tar:2:    layout_catacombs
Tar:3:    layout_grid_maze, nicolae_tar_combstack
Tar:4:    layout_catacombs
Tar:5:    layout_grid_maze
Tar:6:    layout_grid_maze
Tar:7:    tar_mu [tar_mu_maze]
Zot:1:    kennysheep_oblong_rooms, layout_misc_corridors,
          regret_index_zotdec_obsidian_hm, regret_index_zotdec_serpentine_scales
Zot:2:    nicolae_zot_stationary_front, layout_gridlike,
          regret_index_zotdec_stipple_waver
Zot:3:    layout_gridville, guppyfry_library_mini, regret_index_zotdec_banners
Zot:4:    layout_gridlike
Zot:5:    layout_twisted_circle

Skill      XL: |  1  2  3  4  5  6  7  8  9 10 11 12 13 14 15 16 17 18 19 20 21 22 23 24 25 26 27 |
---------------+----------------------------------------------------------------------------------+-----
Stealth        | 1 2 7 10 20 | 20.1
Fighting       | 3 4 5 10 14 15 16 18 19 21 22 27 | 27.0
Dodging        | 3 5 9 12 14 16 18 19 20 27 | 27.0
Ranged Weapons | 5 7 8 10 13 15 16 17 20 | 20.0
Invocations    | 8 12 14 27 | 27.0
Evocations     | 6 7 10 | 10.0
Armour         | 6 12 17 20 27 | 27.0
Necromancy     | 4 6 10 14 | 14.7
Summonings     | 4 15 17 | 17.1
Air Magic      | 3 4 |  4.0
Ice Magic      | 10 | 10.0
Earth Magic    | 4 |  4.0
Hexes          | 6 10 | 10.0
Translocations | 7 10 25 | 25.6
Spellcasting   | 12 | 12.0
Shapeshifting  | 23 | 23.0

Action                     |  1- 3 |  4- 6 |  7- 9 | 10-12 | 13-15 | 16-18 | 19-21 | 22-24 | 25-27 || total
---------------------------+-------+-------+-------+-------+-------+-------+-------+-------+-------++-------
  Melee: Unarmed           |       |       |       |     1 |       |       |       |       |       ||     1
         Longbow           |       |       |       |       |       |     1 |     6 |       |       ||     7
         Hand cannon       |       |       |       |       |       |       |       |     1 |       ||     1
   Fire: Shortbow          |   100 |    80 |       |       |       |       |       |       |       ||   180
         Orcbow            |       |    37 |   188 |   601 |  1033 |    27 |       |       |       ||  1886
         Longbow           |       |       |       |       |       |  1228 |  1684 |   820 |       ||  3732
         Hand cannon       |       |       |       |       |       |       |       |   601 |  8158 ||  8759
   Cast: Fugue of the Fall |       |       |       |       |       |       |    11 |    31 |     2 ||    44
         Summon Lightning  |       |       |       |       |       |       |       |    14 |     4 ||    18
         Ozocubu's Armour  |       |       |       |       |       |       |       |     1 |     1 ||     2
         Frozen Ramparts   |       |       |       |       |       |       |       |     1 |       ||     1
         Dimensional Bulls |       |       |       |       |       |       |       |       |   127 ||   127
         Blink             |       |       |       |       |       |       |       |       |     3 ||     3
         Disjunction       |       |       |       |       |       |       |       |       |    34 ||    34
         Dispersal         |       |       |       |       |       |       |       |       |     5 ||     5
         Summon Cactus Gia |       |       |       |       |       |       |       |       |     1 ||     1
 Invoke: Wall of Briars    |       |       |       |     4 |       |     2 |       |     1 |       ||     7
         Grow Ballistomyce |       |       |       |     1 |     2 |     3 |     1 |       |       ||     7
         Grow Oklob        |       |       |       |       |     2 |     8 |     8 |     3 |     3 ||    24
         Overgrow          |       |       |       |       |     1 |     3 |     3 |     7 |       ||    14
         Vitalisation      |       |       |       |       |       |       |       |       |    49 ||    49
         Recite            |       |       |       |       |       |       |       |       |    34 ||    34
         Brand Weapon With |       |       |       |       |       |       |       |       |     1 ||     1
         Imprison          |       |       |       |       |       |       |       |       |    14 ||    14
         Sanctuary         |       |       |       |       |       |       |       |       |     4 ||     4
         Grand Finale      |       |       |       |       |       |       |       |       |     1 ||     1
Ability: Hop               |       |       |       |     7 |     7 |    12 |     9 |     9 |    78 ||   122
  Evoke: Wand              |       |       |       |       |     1 |     6 |    14 |    12 |    22 ||    55
         Phantom mirror    |       |       |       |       |       |       |       |       |     1 ||     1
    Use: Scroll            |       |    12 |       |    11 |     5 |     7 |     2 |     8 |    42 ||    87
         Potion            |       |       |       |     1 |     2 |     2 |     4 |    10 |    41 ||    60
 Armour: Leather armour    |    13 |    33 |    28 |   149 |    61 |       |       |       |       ||   284
         Troll leather arm |       |       |       |       |   104 |   307 |   439 |   250 |       ||  1100
         Ice dragon scales |       |       |       |       |       |       |       |    60 |  2170 ||  2230
  Dodge: Dodged            |    32 |    40 |    34 |   152 |   466 |   938 |  1181 |   770 |  6843 || 10456
   Form: Death             |       |       |       |       |       |       |       |       |     1 ||     1
